 Dungeon Crawl Stone Soup version 0.30-a0-618-gd6c86c23d0 (webtiles) character file.

Game seed: 8201751261705333082

733 sokol815 the Sneak (level 7, 0/45 HPs)
             Began as an Octopode Gladiator on Jan 10, 2023.
             Was an Initiate of Gozag.
             Slain by a water moccasin (5 damage)
             ... on level 5 of the Dungeon.
             The game lasted 00:10:44 (4111 turns).

sokol815 the Sneak (Octopode Gladiator)             Turns: 4111, Time: 00:10:45

Health: 0/45       AC:  2    Str: 18    XL:     7   Next: 74%
Magic:  7/7        EV: 14    Int: 11    God:    Gozag
Gold:   511        SH:  5    Dex: 12    Spells: 3/6 levels left

rFire   . . .      SeeInvis +    a - +1 dagger (drain)
rCold   . . .      Faith    .    p - +0 buckler
rNeg    . . .      Spirit   .    b - +1 hat
rPois   +          Reflect  .    (no amulet)
rElec   .          Harm     .    (no ring)
rCorr   .          Rampage  .    (no ring)
Will    .....                    (no ring)
Stlth   ++++                     (no ring)
HPRegen 0.27/turn                (no ring)
MPRegen 0.10/turn                (no ring)
                                 (no ring)
                                 (no ring)

@: gold aura, invisible
A: almost no armour, amphibious, 8 rings, camouflage 1, gelatinous body 1,
(nimble swimmer 1), tentacles, see invisible, poison resistance, strong 1,
evolution 1
a: Renounce Religion, Potion Petition, Call Merchant, Bribe Branch


You were on level 5 of the Dungeon.
You worshipped Gozag.
Gozag was pleased with you.
You visited 2 branches of the dungeon, and saw 6 of its levels.
You also visited: Ossuary.

You collected 588 gold pieces.
You paid 77 gold pieces to Gozag.

Inventory:

Hand Weapons
 a - a +1 dagger of draining (weapon)
   (You took it off a goblin on level 1 of the Dungeon)
 g - a +0 trident
 j - a +1 heavy flail
   (You took it off a gnoll on level 2 of the Dungeon)
Missiles
 c - 5 throwing nets {!d}
 e - 5 boomerangs
 h - 3 boomerangs of dispersal {=f}
 m - 2 datura-tipped darts
 s - 63 stones
 u - a javelin
Armour
 b - a +1 hat (worn)
 p - a +0 buckler (worn)
   (You found it on level 1 of the Dungeon)
Wands
 i - a wand of iceblast (10)
   (You found it on level 5 of the Dungeon)
Scrolls
 d - 2 scrolls of fog
 f - a scroll of immolation {unknown}
 k - a scroll of amnesia
 n - 2 scrolls of brand weapon
 r - a scroll of enchant weapon {unknown}
 E - 2 scrolls of fear
 V - a scroll of vulnerability {!r!r}
 Y - 2 scrolls of teleportation {@r3}
Potions
 l - 3 potions of might {unknown}
 o - a potion of magic {unknown}
 t - a potion of brilliance {unknown}
 v - 2 potions of lignification {unknown}
 I - a potion of invisibility
 J - 5 potions of curing {@q1}
 U - 2 potions of mutation {!q}


   Skills:
 - Level 2.0 Fighting
 + Level 4.7 Short Blades
 - Level 3.0 Polearms
 - Level 2.0 Throwing
 - Level 4.3 Dodging
 * Level 5.3 Stealth
 - Level 4.0 Shields


You had 3 spell levels left.
You knew the following spells:

 Your Spells              Type           Power      Damage    Failure   Level
a - Tukima's Dance        Hex            0%         N/A       80%         3

Your spell library contained the following spells:

 Spells                   Type           Power      Damage    Failure   Level
 Blink                    Tloc           0%         N/A       56%         2
 Momentum Strike          Conj/Tloc      0%         3d8       56%         2
 Inner Flame              Hex/Fire       0%         N/A       80%         3
 Lesser Beckoning         Tloc           0%         N/A       80%         3
 Portal Projectile        Hex/Tloc       0%         N/A       80%         3
 Cause Fear               Hex            0%         N/A       99%         4
 Blade Hands              Tmut           0%         N/A       100%        5
 Discord                  Hex            0%         N/A       100%        8


Dungeon Overview and Level Annotations

Branches:
Dungeon (5/15) Zot: 26321  Temple (1/1) D:4 Zot: 5960 Ossuary (visited)

Altars:
Cheibriados
Dithmenos
Gozag
Makhleb
Okawaru
Ru
Sif Muna
Zin

Annotations:
D:2 1 runed translucent door, Crazy Yiuf
D:4 Sigmund


Innate Abilities, Weirdness & Mutations

You cannot wear most types of armour.
You are amphibious.
You can wear up to eight rings at the same time.
Your skin changes colour to match your surroundings (Stealth+).
Your rubbery body absorbs attacks. (AC +1, EV +1)
((You are camouflaged when in or above water. (Stealth+)))
You have tentacles for arms and can constrict up to eight enemies at once.
You have supernaturally acute eyesight. (SInv)
Your system is resistant to poisons. (rPois)
Your muscles are strong. (Str +4, Int/Dex -1)
You have hidden genetic potential.


Message History

You barely miss the phantom.
The phantom hits you but does no damage.
You hit the phantom but do no damage. The phantom closely misses you.
You closely miss the phantom. You completely miss the phantom.
The phantom misses you.
You barely miss the phantom. Your squeeze misses the phantom.
The phantom hits you.
The phantom blinks!
You blink.
You take 4 damage, and have 39/45 hp.
You completely miss the phantom. The phantom hits you!
The phantom blinks!
You blink.
You take 6 damage, and have 33/45 hp.
You hit the phantom. You block the phantom's attack.
You hit the phantom. You miss the phantom. You squeeze the phantom!
The phantom barely misses you.
You hit the phantom.
The phantom hits you but does no damage.
You closely miss the phantom. The phantom hits you.
The phantom blinks!
You blink.
You take 3 damage, and have 30/45 hp.
You hit the phantom. The phantom hits you!
You take 7 damage, and have 23/45 hp.
You miss the phantom. Your squeeze misses the phantom. You hit the phantom.
The phantom closely misses you.
You barely miss the phantom. Your squeeze misses the phantom.
You block the phantom's attack.
You closely miss the phantom.
The phantom hits you but does no damage.
You hit the phantom.
The phantom hits you but does no damage.
You hit the phantom. You barely miss the phantom. You squeeze the phantom.
You destroy the phantom!
Your Stealth skill increases to level 4!
You now have 505 gold pieces (gained 8).
i - a wand of iceblast (11);
u - a javelin You start resting.
Health restored: 45
Found a stone staircase leading down.
v - 2 fuming cyan potions A scorpion comes into view.
You closely miss the scorpion. You grab the scorpion.
You constrict the scorpion. You block the scorpion's attack.
You hit the scorpion. You squeeze the scorpion.
You constrict the scorpion, but do no damage.
The scorpion closely misses you.
You hit the scorpion. You constrict the scorpion.
The scorpion closely misses you.
You hit the scorpion but do no damage. You drain the scorpion.
You squeeze the scorpion.
You kill the scorpion!
No target in view!
No target in view!
You now have 511 gold pieces (gained 6).
s - 63 stones (gained 8)
An ogre and an iguana come into view.
The helpless iguana fails to defend itself.
You impale the iguana!!
You kill the iguana!
The ogre shouts!
You hear a shout!
You hear an angry hiss.
Your Stealth skill increases to level 5!
A water moccasin and an orc wizard come into view.
The ogre hits you with a +0 giant spiked club!!
The water moccasin moves out of view.
You see here 4 gold pieces.
You take 18 damage, and have 27/45 hp.
MASSIVE DAMAGE!!
The ogre attacks as you move away! The ogre closely misses you.
It was a potion of invisibility.
You fade into invisibility!
I - a potion of invisibility You barely miss the ogre.
Your squeeze misses the ogre. The orc wizard closely misses you.
The ogre is distracted by your dazzling golden aura.
The ogre shouts!
You hit the ogre.
The ogre is no longer distracted by gold.
You squeeze the ogre. You block the orc wizard's attack.
The ogre hits you with a +0 giant spiked club!!
* * * LOW HITPOINT WARNING * * *
You take 19 damage, and have 8/45 hp.
MASSIVE DAMAGE!!
You hit the ogre.
You feel much better.
The ogre hits you with a +0 giant spiked club!!
Ouch! That really hurt!
* * * LOW HITPOINT WARNING * * *
You take 5 damage, and have 3/45 hp.
The water moccasin hisses angrily.
Aim: a water moccasin (wandering, unable to see you, hasn't noticed you)
The mass of ice explodes!
The iceblast engulfs the water moccasin!
The iceblast engulfs the ogre!
The iceblast engulfs the orc wizard!
You kill the orc wizard!
The ogre is distracted by your dazzling golden aura.
The ogre shouts!
You hit the water moccasin. Your grab misses the water moccasin.
The water moccasin bites you.
You die...
Your body crumbles into a pile of gold.

**,* ####)$# **,,*
**##.#.#.#
,,,****,#..#...#
****,*,,,#.$.#.###
,,,,,,,#...#O..O$#
****,#...#...#.#.#
,,,**##.#..#...#.#
...#*.####.#.#.#S#
...##....####$?#@#
......#....#*###.#
#....###...# ##.#
.......#...####..#
........#..#....##
.......###......###
........#.........#
.<.......>.......##
#..........####.##


You could see a water moccasin (unable to see you) and an ogre (wandering,
unable to see you).

Vanquished Creatures
  A phantom (D:5)
  An elf zombie (Ossuary)
  A scorpion (D:5)
  A human zombie (Ossuary)
  2 centaur zombies (Ossuary)
  A hound (D:5)
  A jelly (D:4)
  2 iguanas (D:5)
  An orc wizard (D:5)
  2 mummies (Ossuary)
  Robin (D:4)
  7 gnolls
  6 adders
  An ufetubus (D:5)
  An adder zombie (Ossuary)
  A worm (D:2)
  2 dart slugs
  3 orcs
  10 ball pythons
  4 endoplasms
  5 giant cockroaches
  15 goblins
  11 hobgoblins
  14 jackals
  3 quokkas
  7 bats
  2 frilled lizards
  10 hobgoblin zombies (Ossuary)
  3 jackal zombies (Ossuary)
  5 kobolds
  9 kobold zombies (Ossuary)
  9 orc zombies (Ossuary)
  5 rats
  A rat zombie (Ossuary)
148 creatures vanquished.

Vanquished Creatures (others)
  A fungus (D:2)
1 creature vanquished.

Grand Total: 149 creatures vanquished

Notes
Turn   | Place    | Note
-------+----------+-------------------------------------------
     0 | D:1      | sokol815 the Octopode Gladiator began the quest for the
                  | Orb.
     0 | D:1      | Reached XP level 1. HP: 14/14 MP: 1/1
    56 | D:1      | Reached XP level 2. HP: 19/19 MP: 2/2
    62 | D:1      | Reached skill level 1 in Short Blades
   376 | D:1      | Reached XP level 3. HP: 23/24 MP: 3/3
   567 | D:1      | Reached skill level 2 in Short Blades
   846 | D:2      | Reached skill level 1 in Shields
  1249 | D:2      | Reached XP level 4. HP: 29/29 MP: 4/4
  1573 | D:2      | Learned a level 3 spell: Tukima's Dance
  1757 | D:2      | Found a runed translucent door.
  1758 | D:2      | Noticed Crazy Yiuf
  1975 | D:3      | Reached skill level 2 in Shields
  1975 | D:3      | Reached XP level 5. HP: 26/34 MP: 5/5
  2062 | D:3      | Reached skill level 3 in Short Blades
  2427 | D:3      | Reached skill level 4 in Dodging
  2864 | D:4      | Noticed Robin
  2883 | D:4      | HP: 8/34 [Robin/+0 mace (2)]
  2884 | D:4      | HP: 3/34 [goblin/+0 club[Robin] (6)]
  2885 | D:4      | Killed Robin
  2885 | D:4      | HP: 1/34 [constriction (1)]
  2886 | D:4      | Reached XP level 6. HP: 1/39 MP: 6/6
  3034 | D:4      | Found a staircase to the Ecumenical Temple.
  3043 | Temple   | Entered the Ecumenical Temple
  3071 | Temple   | Became a worshipper of Gozag Ym Sagoz the Greedy
  3099 | D:4      | Reached skill level 3 in Shields
  3175 | D:4      | Gained mutation: You have supernaturally acute eyesight.
                  | (SInv) [potion of mutation]
  3175 | D:4      | Gained mutation: You have hidden genetic potential. [potion
                  | of mutation]
  3175 | D:4      | Gained mutation: Your system is resistant to poisons.
                  | (rPois) [potion of mutation]
  3266 | D:4      | Noticed Sigmund
  3403 | D:5      | Entered Level 5 of the Dungeon
  3431 | D:5      | Found a sand-covered staircase.
  3455 | Ossuary  | Entered an ossuary
  3623 | Ossuary  | Reached skill level 4 in Short Blades
  3623 | Ossuary  | Reached skill level 1 in Stealth
  3648 | Ossuary  | Reached skill level 2 in Stealth
  3652 | Ossuary  | HP: 1/39 [mummy (19)]
  3657 | Ossuary  | Reached XP level 7. HP: 29/45 MP: 7/7
  3802 | Ossuary  | Reached skill level 3 in Stealth
  3802 | Ossuary  | Reached skill level 4 in Shields
  3805 | Ossuary  | Gained mutation: Your muscles are strong. (Str +4, Int/Dex
                  | -1) [hidden potential]
  3936 | D:5      | Reached skill level 4 in Stealth
  4096 | D:5      | Reached skill level 5 in Stealth
  4100 | D:5      | HP: 8/45 [ogre/+0 giant spiked club (20)]
  4103 | D:5      | HP: 3/45 [ogre/+0 giant spiked club (24)]
  4111 | D:5      | Slain by a water moccasin

Illustrated notes

Levels and vault maps discovered:
D:1:      lightli_iron_boxes, layout_rooms, chequers_serial_rivers_small_a,
          glass_columns_a, minmay_tall_x
D:2:      layout_basic, minmay_hedge_maze, uniq_crazy_yiuf_cottage
D:3:      layout_loops_cross
D:4:      layout_rooms, minmay_temple_entry_stoned_glass, uniq_sigmund,
          uniq_robin
D:5:      minmay_spotlight, layout_cave_pools, serial_column_ruins,
          column_ruins_grid_3, column_ruins_open_small_water,
          column_ruins_open_tiny, column_ruins_open_medium,
          nicolae_ossuary_entry_ruins, hex_tiny, nzn_random_ring
Temple:   hellmonk_temple_forest_ring

Skill      XL: |  1  2  3  4  5  6  7 |
---------------+----------------------+-----
Short Blades   | 1 2 3 4 |  4.7
Shields        | 1 2 3 4 |  4.0
Dodging        | 4 |  4.3
Stealth        | 2 5 |  5.3
Fighting       | |  2.0
Polearms       | |  3.0
Throwing       | |  2.0

Action                   |  1- 3 |  4- 6 |  7- 9 || total
-------------------------+-------+-------+-------++-------
Melee: Constrict         |    21 |    59 |    12 ||    92
       Dagger            |    70 |   216 |    75 ||   361
       Tentacles         |    15 |    44 |    16 ||    75
       Trident           |     2 |       |       ||     2
       Punch             |       |     6 |     3 ||     9
Throw: Stone             |     7 |       |       ||     7
       Javelin           |     2 |       |       ||     2
Evoke: Wand              |       |       |     1 ||     1
  Use: Scroll            |     7 |     8 |       ||    15
       Potion            |       |     4 |     2 ||     6
 Stab: Sleeping          |     6 |    13 |     1 ||    20
       Distracted        |       |     3 |       ||     3
Armor: Skin              |     8 |    15 |     8 ||    31
Dodge: Dodged            |    42 |   111 |    25 ||   178
Block: Buckler           |     8 |    45 |    12 ||    65

Table legend: (Time is in decaauts)
 A = Elapsed time spent in this place.
 B = Non-inter-level travel time spent in this place.
 C = Inter-level travel time spent in this place.
 D = Time resting spent in this place.
 E = Time spent auto-exploring this place.
 F = Levels seen in this place.
 G = Mean time per level.
                   A        B        C        D        E       F      G
               +--------+--------+--------+--------+--------+-----+--------+
         Total |   4072 |   3913 |    159 |    467 |   2532 |   7 |  581.7 |
       Dungeon |   3678 |   3540 |    138 |    467 |   2351 |   5 |  735.6 |
        Temple |     39 |     18 |     21 |      0 |     11 |   1 |   39.0 |
       Ossuary |    354 |    354 |      0 |      0 |    170 |   1 |  354.0 |
               +--------+--------+--------+--------+--------+-----+--------+

Top non-repeatable levels by time:
     D:2: 1238 daAuts
     D:4: 818 daAuts
     D:3: 648 daAuts
     D:1: 647 daAuts
 Ossuary: 354 daAuts
     D:5: 325 daAuts
  Temple: 39 daAuts

Table legend:
 A = Kills in this place as a percentage of kills in entire the game.
 B = Kills by you in this place as a percentage of kills by you in the entire game.
 C = Kills by friends in this place as a percentage of kills by friends in the entire game.
 D = Other kills in this place as a percentage of other kills in the entire game.
 E = Experience gained in this place as a percentage of experience gained in the entire game.
 F = Experience gained in this place divided by the number of levels of this place that you have seen.
                   A       B       C       D       E      F
               +-------+-------+-------+-------+-------+----------------------
         Total | 100.0 | 100.0 |   N/A |   N/A | 100.0 | 149.7
       Dungeon |  73.6 |  73.6 |   N/A |   N/A |  70.8 | 148.4
       Ossuary |  26.4 |  26.4 |   N/A |   N/A |  29.2 | 306.0
               +-------+-------+-------+-------+-------+----------------------
